 Dungeon Crawl Stone Soup version 0.29-a0-359-g541a27f54d (webtiles) character file.

Game seed: 11059805586736808549

1 spaghetti the Grave Robber (level 1, -3/9 HPs)
             Began as a Vine Stalker Necromancer on Apr 27, 2022.
             Slain by a gnoll
             ... wielding a +2 whip of freezing
              (9 damage)
             ... on level 1 of the Dungeon.
             The game lasted 00:00:22 (163 turns).

spaghetti the Grave Robber (VSNe)                    Turns: 163, Time: 00:00:23

Health: -3/9       AC:  2    Str: 10    XL:     1   Next: 20%
Magic:  0/4        EV: 12    Int: 15    God:
Gold:   0          SH:  0    Dex: 14    Spells: 3/4 levels left

rFire   . . .      SeeInvis .   c - staff of death {!astaff}
rCold   . . .      Faith    .   (no shield)
rNeg    + . .      Spirit   +   a - +0 robe
rPois   .          Reflect  .   (no helmet)
rElec   .          Harm     .   (no cloak)
rCorr   .          Rampage  .   (no gloves)
Will    .....                   (no boots)
Stlth   ++........              (no amulet)
HPRegen 0.03/turn               (no ring)
MPRegen 0.09/turn               (no ring)

@: very slightly contaminated
A: fangs 2, magic shield, antimagic bite, no potion heal 2
a: no special abilities


You were on level 1 of the Dungeon.
You visited 1 branch of the dungeon, and saw 1 of its levels.


Innate Abilities, Weirdness & Mutations

You have extremely sharp teeth.
When hurt, damage is shared between your health and your magic reserves.
Your bite disrupts and absorbs the magic of your enemies.
Potions cannot restore your health.


   Skills:
 * Level 0.1 Fighting
 + Level 1.6 Dodging
 + Level 2.4 Stealth
 + Level 2.2 Spellcasting
 * Level 4.0 Necromancy


You had 3 spell levels left.
You knew the following spells:

 Your Spells              Type           Power      Damage    Failure   Level
a - Pain                  Necr           80%        1d8       4%          1

Your spell library contained the following spells:

 Spells                   Type           Power      Damage    Failure   Level
 Animate Skeleton         Necr           40%        N/A       4%          1
 Vampiric Draining        Necr           20%        2d7       13%         3
 Animate Dead             Necr           10%        N/A       38%         4
 Agony                    Necr           20%        N/A       75%         5

Inventory:

Missiles
 d - 15 stones {throwing}
Armour
 a - a +0 robe (worn)
Magical Staves
 c - a staff of death (weapon) {!astaff}
   (You found it on level 1 of the Dungeon)
Scrolls
 e - a scroll of teleportation {unknown}
Potions
 b - a potion of magic

Dungeon Overview and Level Annotations

Branches:
Dungeon (1/15)

Altars:

##..# ..# ....# ....#
....# .....# .|..#
......###....#
..r...#..#.. ######
#....#...g# .....#
#..##...@.#..# .....#
#...........#
.....#########.##....#
............##.# #####
#...........'..#
#...........####
#...........########
#...................
#..)................


You could see a gnoll.


Message History

🤖 Initializing magus.rc ...
Options error: Delay interrupt name "hungry" not recognised. (~/.crawlrc:4761) Options error: Bad monster_list_colour key: strict_neutral (~/.crawlrc:4776) ✅ Successfully initialized magus.rc [v1.9.6] Welcome, spaghetti the Vine Stalker Necromancer.
It is said that the Orb of Zot exists deep within this dungeon.
Press ? for a list of commands and other information.
Found a staircase leading out of the dungeon.
You open the door.
There is an open door here.
c - a staff of death {!astaff} You open the door.
You open the door.
There is an open door here.
d - 15 stones {throwing} You open the door.
There is an open door here.
Key pressed, stopping explore.
A ball python comes into view.
Okay, then.
c - a staff of death (weapon)
{!astaff} The ball python hisses angrily.
Casting: Pain (safe; 4% risk of failure)
Confirm with . or Enter, or press ? or * to list all spells.
Aiming: Pain (safe; 4% risk of failure)
Press: ? - help, Shift-Dir - straight line, f - ball python
Aim: a ball python (chance to affect: 89%)
You feel a surge of power!
The ball python writhes in agony.
You kill the ball python! 😕 HP[-1] MP[-1]
You take 1 damage, and now have 8/9 hp.
You lost 1 mp, and now have 3/4 mp.
e - a scroll labelled QURAW XELABB 😎 HP[+1] MP[+1]
Your hp is fully restored (9).
Your mp is fully restored (4).
Found an escape hatch in the floor.
Found a stone staircase leading down.
Key pressed, stopping explore.
A bat comes into view.
A bat is nearby!
A bat is nearby!
Casting: Pain (safe; 4% risk of failure)
Confirm with . or Enter, or press ? or * to list all spells.
Aiming: Pain (safe; 4% risk of failure)
Press: ? - help, Shift-Dir - straight line, f - bat
Aim: a bat (asleep, chance to affect: 89%)
You feel a surge of power!
The bat writhes in agony!
You kill the bat! 😕 HP[-1] MP[-1]
You take 1 damage, and now have 8/9 hp.
You lost 1 mp, and now have 3/4 mp.
Key pressed, stopping explore.
You open the door.
There is an open door here.
A gnoll comes into view.
It is wielding a +2 whip of freezing. 😎 HP[+1] MP[+1]
Your hp is fully restored (9).
Your mp is fully restored (4).
A gnoll is nearby!
A gnoll is nearby!
A rat comes into view.
Casting: Pain (safe; 4% risk of failure)
Confirm with . or Enter, or press ? or * to list all spells.
Aiming: Pain (safe; 4% risk of failure)
Press: ? - help, Shift-Dir - straight line, f - gnoll
Aim: a gnoll, wielding a +2 whip of freezing (asleep, chance to affect: 84%)
You feel a surge of power!
The gnoll writhes in agony. 😕 HP[-1] MP[-1]
You take 1 damage, and now have 8/9 hp.
You lost 1 mp, and now have 3/4 mp.
Casting: Pain (safe; 4% risk of failure)
Confirm with . or Enter, or press ? or * to list all spells.
Aiming: Pain (safe; 4% risk of failure)
Press: ? - help, Shift-Dir - straight line, f/p - gnoll
Aim: a gnoll, wielding a +2 whip of freezing (lightly wounded, chance to affect: 84%)
You feel a surge of power!
The gnoll writhes in agony. 😕 HP[-1] MP[-1]
You take 1 damage, and now have 7/9 hp.
You lost 1 mp, and now have 2/4 mp.
Casting: Pain (safe; 4% risk of failure)
Confirm with . or Enter, or press ? or * to list all spells.
Aiming: Pain (safe; 4% risk of failure)
Press: ? - help, Shift-Dir - straight line, f/p - gnoll
Aim: a gnoll, wielding a +2 whip of freezing (moderately wounded, chance to affect: 84%)
You feel a surge of power!
The gnoll writhes in agony. 😮 HP[-1] MP[-1]
You take 1 damage, and now have 6/9 hp.
You lost 1 mp, and now have 1/4 mp.
Casting: Pain (safe; 4% risk of failure)
Confirm with . or Enter, or press ? or * to list all spells.
Aiming: Pain (safe; 4% risk of failure)
Press: ? - help, Shift-Dir - straight line, f/p - gnoll
Aim: a gnoll, wielding a +2 whip of freezing (heavily wounded, chance to affect: 84%)
You feel a surge of power!
You miscast Pain.
You are very lightly contaminated with residual magic.
Nothing appears to happen.
The gnoll barely misses you. 😮 MP[-1]
You lost 1 mp, and now have 0/4 mp.
Really attack while wielding your staff of death {!astaff}? [Y]es or [N]o only, please.
Really attack while wielding your staff of death {!astaff}?
You barely miss the gnoll. You bite the gnoll, but do no damage.
The gnoll hits you with a +2 whip of freezing!
Ouch! That really hurt!
You die...

Action                   || total
-------------------------++-------
Melee: Staff             ||     1
       Bite              ||     1
 Cast: Pain              ||     5
Dodge: Dodged            ||     1

Levels and vault maps discovered:
D:1:      dpeg_arrival_short_road, layout_basic, minmay_misc_feat_chi,
          patterned_corridor

Notes
Turn   | Place    | Note
-------+----------+-------------------------------------------
     0 | D:1      | spaghetti the Vine Stalker Necromancer began the quest for
                  | the Orb.
     0 | D:1      | Reached XP level 1. HP: 9/9 MP: 4/4
     0 | D:1      | magus.rc [v1.9.6]
   163 | D:1      | Slain by a gnoll

Vanquished Creatures
  A ball python (D:1)
  A bat (D:1)
2 creatures vanquished.

Table legend:
 A = Non-vault XP
 B = Vault XP
 C = Vault XP percentage of total XP
 D = Non-vault monster count
 E = Vault monster count
 F = Vault count percentage of total count
                 A         B        C        D         E       F
            +---------+---------+-------+---------+---------+-------
      Total |       2 |       0 |   0.0 |       2 |       0 |   0.0
            +---------+---------+-------+---------+---------+-------
        D:1 |       2 |       0 |   0.0 |       2 |       0 |   0.0
            +---------+---------+-------+---------+---------+-------

Illustrated notes

Table legend:
 A = Kills in this place as a percentage of kills in entire the game.
 B = Kills by you in this place as a percentage of kills by you in the entire game.
 C = Kills by friends in this place as a percentage of kills by friends in the entire game.
 D = Other kills in this place as a percentage of other kills in the entire game.
 E = Experience gained in this place as a percentage of experience gained in the entire game.
 F = Experience gained in this place divided by the number of levels of this place that you have seen.
                   A       B       C       D       E      F
               +-------+-------+-------+-------+-------+----------------------
         Total | 100.0 | 100.0 |   N/A |   N/A | 100.0 |   2.0
       Dungeon | 100.0 | 100.0 |   N/A |   N/A | 100.0 |   2.0
               +-------+-------+-------+-------+-------+----------------------

Table legend: (Time is in decaauts)
 A = Elapsed time spent in this place.
 B = Non-inter-level travel time spent in this place.
 C = Inter-level travel time spent in this place.
 D = Time resting spent in this place.
 E = Time spent auto-exploring this place.
 F = Levels seen in this place.
 G = Mean time per level.
                   A        B        C        D        E       F      G
               +--------+--------+--------+--------+--------+-----+--------+
         Total |    162 |    162 |      0 |      0 |    145 |   1 |  162.0 |
       Dungeon |    162 |    162 |      0 |      0 |    145 |   1 |  162.0 |
               +--------+--------+--------+--------+--------+-----+--------+

Top non-repeatable levels by time:
     D:1: 162 daAuts
